 Dungeon Crawl Stone Soup version 0.30-a0-4-ga7cffc901d (webtiles) character file.

Game seed: 14724456854307995716

37 Setbun the Sneak (level 3, 0/21 HPs)
             Began as a Kobold Brigand on Aug 21, 2022.
             Slain by Sigmund
             ... wielding a +0 scythe
              (11 damage)
             ... on level 2 of the Dungeon.
             The game lasted 00:01:26 (1648 turns).

Setbun the Sneak (Kobold Brigand)                   Turns: 1648, Time: 00:01:26

Health: 0/21       AC:  4    Str:  8    XL:     3   Next: 60%
Magic:  3/3        EV: 14    Int: 12    God:
Gold:   47         SH:  0    Dex: 18    Spells: 2/2 levels left

rFire   . . .      SeeInvis .    l - +2 dagger (venom)
rCold   . . .      Faith    .    (no shield)
rNeg    . . .      Spirit   .    b - +0 robe
rPois   .          Reflect  .    (no helmet)
rElec   .          Harm     .    c - +0 cloak
rCorr   .          Rampage  .    i - +0 pair of gloves
Will    .....                    (no boots)
Stlth   ++++......               (no amulet)
HPRegen 0.07/turn                (no ring)
MPRegen 0.08/turn                (no ring)

@: no status effects
A: small, no large weapons, nightstalker 3
a: no special abilities


You were on level 2 of the Dungeon.
You visited 1 branch of the dungeon, and saw 2 of its levels.

You collected 47 gold pieces.

Inventory:

Hand Weapons
 a - a +2 dagger
 l - a +2 dagger of venom (weapon)
Missiles
 d - 9 poisoned darts (quivered)
 e - 3 curare-tipped darts
 g - a throwing net
Armour
 b - a +0 robe (worn)
 c - a +0 cloak (worn)
 i - a +0 pair of gloves (worn)
Jewellery
 o - an amulet of faith
Scrolls
 f - a scroll of vulnerability {unknown}
 j - a scroll of butterflies {unknown}
 n - a scroll of identify {unknown}
 q - 2 scrolls of enchant armour {unknown}
Potions
 h - 2 potions of haste {unknown}
 k - a potion of invisibility {unknown}
 m - a potion of degeneration {unknown}
 p - a potion of curing {unknown}


   Skills:
 - Level 2.1 Fighting
 * Level 5.0 Short Blades
 - Level 2.1 Throwing
 - Level 1.2 Dodging
 - Level 5.3 Stealth


You had 2 spell levels left.
You didn't know any spells.
Your spell library was empty.

Dungeon Overview and Level Annotations

Branches:
Dungeon (2/15)

Altars:

Annotations:
D:2 Sigmund


Innate Abilities, Weirdness & Mutations

You are small and have problems with some larger weapons.
You are completely attuned to the shadows.


Message History

An endoplasm is nearby!
You hit the endoplasm.
You kill the endoplasm!
There is an open door here.
You see here a +0 pair of gloves.
The helpless kobold fails to defend itself.
You stick the kobold like a pincushion!!!
You kill the kobold!
Unknown command.
You see here a +0 pair of gloves.
r - a +0 pair of gloves You drop a +0 pair of gloves.
(D) Dungeon
Where to? (Enter - D:1 @ (x,y), ? - help)
There is an open door here.
There is a dry fountain here.
There is a stone staircase leading down here.
You climb downwards.
There is a stone staircase leading up here.
Found a chain mail.
Found a stone staircase leading down.
A giant cockroach comes into view.
A giant cockroach is nearby!
The helpless giant cockroach fails to defend itself.
You impale the giant cockroach!!
You kill the giant cockroach!
Your Short Blades skill increases to level 5!
No target in view!
No target in view!
No target in view!
No target in view!
Found an escape hatch in the ceiling.
Sigmund the Dreaded comes into view.
He is wielding a +0 scythe.
Sigmund is nearby!
Sigmund shouts!
Sigmund points at you and mumbles some strange words.
The puff of flame hits you! Sigmund hits you with a +0 scythe!
Ouch! That really hurt!
You die...

.. ... ...# #
...@###.#
...#....@.#.#
#......##...#
#...# #..####
####..### ##.<...
..
##.......###..##..
..##..##^##..#..##
.....###.###.#.##
>.#........#.#.#
##.##..#.....#


You could see Sigmund.

Vanquished Creatures
  A dart slug (D:1)
  5 ball pythons (D:1)
  5 endoplasms (D:1)
  2 giant cockroaches
  4 goblins (D:1)
  2 hobgoblins (D:1)
  A jackal (D:1)
  A quokka (D:1)
  3 frilled lizards (D:1)
  5 kobolds (D:1)
  2 rats (D:1)
31 creatures vanquished.

Vanquished Creatures (others)
  4 plants (D:1)
4 creatures vanquished.

Grand Total: 35 creatures vanquished

Notes
Turn   | Place    | Note
-------+----------+-------------------------------------------
     0 | D:1      | Setbun the Kobold Brigand began the quest for the Orb.
     0 | D:1      | Reached XP level 1. HP: 12/12 MP: 1/1
   229 | D:1      | Found a faded altar of an unknown god.
   309 | D:1      | Reached XP level 2. HP: 17/17 MP: 2/2
   748 | D:1      | Reached XP level 3. HP: 7/21 MP: 3/3
  1632 | D:2      | Reached skill level 5 in Short Blades
  1645 | D:2      | Noticed Sigmund
  1648 | D:2      | Slain by Sigmund

Illustrated notes

Levels and vault maps discovered:
D:1:      erik_arrival_cave_to_civilisation [erik_arrival_cave_to_hall],
          layout_basic, hellmonk_ecumenical_altar_prayer_group,
          serial_bayou_pond_b
D:2:      layout_rooms, uniq_sigmund

Skill      XL: |  1  2  3 |
---------------+----------+-----
Short Blades   | 3 4 5 |  5.0
Fighting       | |  2.1
Throwing       | |  2.1
Dodging        | |  1.2
Stealth        | |  5.3

Action                   || total
-------------------------++-------
Melee: Dagger            ||    82
       Punch             ||     2
 Stab: Sleeping          ||    11
Armor: Robe              ||    14
Dodge: Dodged            ||    37

Table legend: (Time is in decaauts)
 A = Elapsed time spent in this place.
 B = Non-inter-level travel time spent in this place.
 C = Inter-level travel time spent in this place.
 D = Time resting spent in this place.
 E = Time spent auto-exploring this place.
 F = Levels seen in this place.
 G = Mean time per level.
                   A        B        C        D        E       F      G
               +--------+--------+--------+--------+--------+-----+--------+
         Total |   1632 |   1502 |    130 |    183 |   1126 |   2 |  816.0 |
       Dungeon |   1632 |   1502 |    130 |    183 |   1126 |   2 |  816.0 |
               +--------+--------+--------+--------+--------+-----+--------+

Top non-repeatable levels by time:
     D:1: 1595 daAuts
     D:2: 36 daAuts
